 Dungeon Crawl Stone Soup version 0.27.0-1-g7a089689b8 (webtiles) character file.

Game seed: 13255335951167982860

28 butteredtoast the Caller (level 3, 0/16 HPs)
             Began as a Spriggan Summoner on Aug 3, 2021.
             Killed from afar by Natasha (9 damage)
             ... with a magic dart
             ... on level 2 of the Dungeon.
             The game lasted 00:03:57 (1135 turns).

butteredtoast the Caller (Spriggan Summoner)        Turns: 1135, Time: 00:03:58

Health: 0/16       AC:  2    Str:  4    XL:     3   Next: 0%
Magic:  4/8        EV: 17    Int: 17    God:
Gold:   88         SH:  0    Dex: 15    Spells: 4/8 levels left

rFire    . . .     SeeInvis +   i - +0 dagger
rCold    . . .     Faith    .   (shield restricted)
rNeg     . . .     Spirit   .   a - +0 robe
rPois    .         Reflect  .   (helmet restricted)
rElec    .         Harm     .   (no cloak)
rCorr    .         Rampage  .   (gloves unavailable)
Will     .....                  (boots unavailable)
Stlth    ++........             (no amulet)
HPRegen  0.05/turn              (no ring)
MPRegen  0.11/turn              (no ring)

@: very quick
A: very small, no large weapons, unfitting armour, see invisible, speed 3
a: no special abilities


You were on level 2 of the Dungeon.
You visited 1 branch of the dungeon, and saw 2 of its levels.

You collected 88 gold pieces.

Inventory:

Hand Weapons
 i - a +0 dagger (weapon)
Armour
 a - a +0 robe (worn)
Jewellery
 e - a +6 ring of intelligence
Scrolls
 b - 2 scrolls of noise {unknown}
 c - a scroll of fear {unknown}
 g - a scroll of identify {unknown}
Potions
 d - a potion of flight {unknown}
 f - a potion of cancellation {unknown}
 h - a potion of curing {unknown}
 j - a potion of might


   Skills:
 - Level 2.6 Dodging
 - Level 3.0 Stealth
 + Level 3.3 Spellcasting
 * Level 3.8 Summonings


You had 4 spell levels left.
You knew the following spells:

 Your Spells              Type           Power      Damage    Failure   Level
a - Summon Small Mammal   Summ           64%        N/A       3%          1
b - Call Canine Familiar  Summ           16%        N/A       11%         3

Your spell library contained the following spells:

 Spells                   Type           Power      Damage    Failure   Level
 Call Imp                 Summ           16%        N/A       5%          2
 Summon Guardian Golem    Hex/Summ       9%         N/A       22%         3
 Ensorcelled Hibernation  Hex/Ice        4%         N/A       26%         2
 Spider Form              Tmut/Pois      1%         N/A       45%         3
 Summon Lightning Spire   Summ/Air       9%         N/A       58%         4
 Shadow Creatures         Summ           N/A        N/A       99%         6


Dungeon Overview and Level Annotations

Branches:
Dungeon (2/15)

Altars:

Annotations:
D:2 Natasha


Innate Abilities, Weirdness & Mutations

You are very small and have problems with some larger weapons.
You are too small for most types of armour.
You have supernaturally acute eyesight. (SInv)
You cover ground extremely quickly. (Speed+++)


Message History

The magic dart hits your bat.
Your bat dies!
Your bat's corpse disappears in a puff of smoke!
The shadow imp closely misses your quokka.
Your quokka bites Natasha.
Natasha claws your rat!
Your rat dies!
Your rat's corpse disappears in a puff of smoke!
The shadow imp closely misses your quokka.
Your quokka misses Natasha.
Casting: Summon Small Mammal (safe; 3% risk of failure)
Confirm with . or Enter, or press ? or * to list all spells.
Your quokka bites the shadow imp.
Your bat completely misses Natasha.
Natasha barely misses you.
Your quokka bites the shadow imp.
You swap places.
Your bat hits Natasha. Natasha closely misses you.
Your quokka completely misses the shadow imp.
Your bat closely misses Natasha.
Natasha claws your bat!
Your bat dies!
Your bat's corpse disappears in a puff of smoke!
Casting: Summon Small Mammal (safe; 3% risk of failure)
Confirm with . or Enter, or press ? or * to list all spells.
Natasha casts a spell at you. You resist with some effort.
You swap places.
Natasha barely misses your quokka.
Your quokka barely misses Natasha.
Natasha casts a spell at you. The magic dart hits your quokka.
Your quokka bites Natasha.
Your quokka misses Natasha. Natasha claws your quokka.
Your quokka dies!
Your quokka's corpse disappears in a puff of smoke!
Your quokka closely misses Natasha.
Your quokka bites Natasha but does no damage.
Natasha wildly gestures.
You feel disoriented.
Your quokka disappears in a puff of smoke!
Natasha stares at you and mumbles some strange words.
The magic dart hits you!
Ouch! That really hurt!
You die...

..##<######.# .##.†..>.##.#
.....###.##.#####
.##.#...........#
#.....##.#.####.#########
..#.####.#.# #.#.§§r...#
....####.#.#..#.#5##......#
.........#.#..#.#h##.##.###
...#######.#..#.@....# #
...# #.........### ...#
###..#.#..# ## ...#
#............
...########...##.#.....
..........#.............
..................>.....
..........#.#.##.##.....
...########...# .# <..


You could see Natasha (strong) and a shadow imp (summoned).

Vanquished Creatures
  A frilled lizard (D:1)
  2 rats
3 creatures vanquished.

Vanquished Creatures (collateral kills)
  Natasha (D:2)
  A worm (D:2)
  A dart slug (D:1)
  2 bats (D:1)
  2 endoplasms (D:1)
  3 goblins (D:1)
  2 hobgoblins (D:1)
  5 kobolds
  A rat (D:2)
18 creatures vanquished.

Grand Total: 21 creatures vanquished

Notes
Turn   | Place    | Note
-------+----------+-------------------------------------------
     0 | D:1      | butteredtoast the Spriggan Summoner began the quest for the
                  | Orb.
     0 | D:1      | Reached XP level 1. HP: 9/9 MP: 5/5
   410 | D:1      | Reached XP level 2. HP: 9/13 MP: 1/7
  1031 | D:2      | Noticed Natasha
  1040 | D:2      | Noticed a crimson imp
  1047 | D:2      | Killed Natasha
  1048 | D:2      | Reached XP level 3. HP: 15/16 MP: 5/8
  1052 | D:2      | Learned a level 3 spell: Call Canine Familiar
  1110 | D:2      | Noticed Natasha
  1135 | D:2      | Killed from afar by Natasha

Illustrated notes

Levels and vault maps discovered:
D:1:      minmay_arrival_three_doors, layout_rooms
D:2:      minmay_door_path, layout_loops_cross, minmay_pentomino_t2,
          uniq_crazy_yiuf_cottage, uniq_natasha

Skill      XL: |  1 |
---------------+----+-----
Spellcasting   | 3 |  3.3
Dodging        | |  2.6
Stealth        | |  3.0
Summonings     | |  3.8

Action                   || total
-------------------------++-------
Melee: Unarmed           ||    10
       Dagger            ||     1
 Cast: Summon Small Mamm ||    48
Armor: Robe              ||     2
Dodge: Dodged            ||    47
